 Dungeon Crawl Stone Soup version 0.20.0-6-gd3061e9 (webtiles) character file.

71 HungrySpirit the Sneak (level 4, 0/27 HPs)
             Began as a Halfling Ice Elementalist on May 28, 2017.
             Succumbed to an adder's poison
             ... on level 2 of the Dungeon.
             The game lasted 00:03:53 (1994 turns).

HungrySpirit the Sneak (Halfling Ice Elementalist)  Turns: 1994, Time: 00:03:54

Health: 0/27       AC:  2    Str:  7 (9)  XL:     4   Next: 47%
Magic:  0/6        EV: 15    Int: 12 (13) God:
Gold:   73         SH:  0    Dex: 13 (15) Spells: 5/6 levels left

rFire    . . .     SeeInvis .   k - +0 dagger (flame)
rCold    . . .     Gourm    .   (shield restricted)
rNeg     . . .     Faith    .   a - +0 robe
rPois    .         Spirit   .   (no helmet)
rElec    .         Reflect  .   (no cloak)
rCorr    .         Harm     .   (no gloves)
MR       .....                  (no boots)
Stlth    ++........             (no amulet)
Regen    0.1/turn               (no ring)
MPRegen  0.1/turn               (no ring)

@: lethally poisoned (0 -> -4), very slightly contaminated
A: mutation resistance 1
a: no special abilities


You were on level 2 of the Dungeon.
You were hungry.

You visited 1 branch of the dungeon, and saw 2 of its levels.

You collected 73 gold pieces.

Inventory:

Hand Weapons
 d - a +0 short sword
 k - a +0 dagger of flaming (weapon)
Missiles
 h - 6 poisoned needles
Armour
 a - a +0 robe (worn)
Scrolls
 e - a scroll of fog
Potions
 j - a potion of degeneration
Books
 b - a book of Frost

   Spells                             Type                      Level
   a - Freeze                         Ice                          1
   b - Throw Frost                    Conjuration/Ice              2
   c - Ozocubu's Armour               Charms/Ice                   3
   d - Throw Icicle                   Conjuration/Ice              4
   e - Summon Ice Beast               Ice/Summoning                4
Comestibles
 c - 2 bread rations
 f - a royal jelly
 g - 4 chunks of flesh
 i - a meat ration


   Skills:
 * Level 2.4 Short Blades
 + Level 3.3 Dodging
 + Level 3.3 Stealth
 - Level 1.5 Spellcasting
   Level 0.7 Conjurations
 - Level 3.0 Ice Magic


You had 5 spell levels left.
You knew the following spells:

 Your Spells              Type           Power        Failure   Level  Hunger
a - Freeze                Ice            #...         9%          1    ##.....


Dungeon Overview and Level Annotations

Branches:
Dungeon (2/15)

Altars:


Innate Abilities, Weirdness & Mutations

You are small and have problems with some larger weapons.
You are somewhat resistant to further mutation.


Message History

The adder closely misses you. The kobold barely misses you.
You miss the adder.
The adder is heavily wounded.
You feel sick. The adder closely misses you. The kobold closely misses you.
You hit the adder. You burn the adder.
The adder is severely wounded.
The adder bites you.
* * * LOW HITPOINT WARNING * * *
The kobold closely misses you.
You hit the adder. You burn the adder.
You kill the adder!
The kobold misses you.
Casting: Freeze
Confirm with . or Enter, or press ? or * to list all spells.
Aiming: Freeze
Press: ? - help, Shift-Dir - straight line, f - kobold
Aim: a kobold You freeze the kobold.
You kill the kobold!
You die...

###....## .. #........
... #########.##..#.#
##.. ..........##..#.##
...
..........##..#..##.#
....................##.#
.....<....#.............
...............$...###.
#####รท###.......@?.###.
#.##...............#
#..#..........#.#....
##............#......
.................##
##...
................... ..
..................## .
....................
.................###


There were no monsters in sight!

Vanquished Creatures
  2 adders (D:2)
  2 dart slugs (D:1)
  8 bats
  3 hobgoblins
  5 jackals
  9 kobolds
  A quokka (D:1)
  4 frilled lizards
  7 goblins (D:1)
  5 rats
46 creatures vanquished.

Notes
Turn   | Place    | Note
-------+----------+-------------------------------------------
     0 | D:1      | HungrySpirit the Halfling Ice Elementalist began the quest for the Orb.
     0 | D:1      | Reached XP level 1. HP: 11/11 MP: 3/3
   260 | D:1      | Reached XP level 2. HP: 13/17 MP: 0/4
   390 | D:1      | Reached skill level 1 in Short Blades
   493 | D:1      | Reached XP level 3. HP: 14/21 MP: 5/5
  1671 | D:2      | Reached XP level 4. HP: 4/27 MP: 2/6
  1671 | D:2      | HP: 1/27 [hobgoblin (3)]
  1992 | D:2      | HP: 1/27 [adder (5)]
  1994 | D:2      | Succumbed to an adder's poison

Skill      XL: |  1  2  3 |
---------------+----------+-----
Short Blades   | 1 2 |  2.4
Dodging        | 3 |  3.3
Stealth        | 3 |  3.3
Spellcasting   | |  1.5
Conjurations   | |  0.7
Ice Magic      | |  3.0

Action                   |  1- 3 |  4- 6 || total
-------------------------+-------+-------++-------
Melee: Unarmed           |    11 |       ||    11
       Short sword       |    90 |     7 ||    97
       Dagger            |       |    12 ||    12
 Cast: Freeze            |    24 |     9 ||    33
  Use: Potion            |       |     2 ||     2
       Scroll            |       |     1 ||     1
 Stab: Sleeping          |     4 |       ||     4
  Eat: Chunk             |     3 |     1 ||     4
Armor: Robe              |    28 |     5 ||    33
Dodge: Dodged            |   108 |    46 ||   154
